 Dungeon Crawl Stone Soup version 0.26-a0-451-gacbe401039 (webtiles) character file.

Game seed: 13366645428007528040

1640 ReteAZ the Grappler (level 8, 0/70 HPs)
             Began as a Troll Hunter on July 28, 2020.
             Was a Follower of Cheibriados.
             Slain by an orc warrior
             ... wielding a +3 mace
              (15 damage)
             ... on level 7 of the Dungeon.
             The game lasted 00:06:28 (4373 turns).

ReteAZ the Grappler (Troll Hunter)                  Turns: 4373, Time: 00:06:28

Health: 0/70       AC: 10    Str: 23    XL:     8   Next: 66%
Magic:  6/7        EV:  9    Int: 11    God:    Cheibriados [*.....]
Gold:   142        SH:  0    Dex: 12    Spells: 7/7 levels left

rFire    . . .     SeeInvis .     - Unarmed
rCold    . . .     Faith    .   (no shield)
rNeg     . . .     Spirit   .   G - +0 acid dragon scales
rPois    +         Reflect  .   (helmet restricted)
rElec    .         Harm     .   y - scarf {repulsion}
rCorr    +                      (gloves unavailable)
MR       .....                  (boots unavailable)
Stlth    ++........             (no amulet)
HPRegen  0.61/turn              p - ring of poison resistance
MPRegen  0.10/turn              C - ring of stealth

@: repel missiles, very slow
A: large, unfitting armour, claws 3, regeneration 1, shaggy fur 1, tough skin 3
a: Bend Time, Renounce Religion


You were on level 7 of the Dungeon.
You worshipped Cheibriados.
Cheibriados was aware of your devotion.
You visited 2 branches of the dungeon, and saw 8 of its levels.

You collected 323 gold pieces.
You spent 181 gold pieces at shops.

Inventory:

Hand Weapons
 a - a +0 short sword
Missiles
 d - 2 throwing nets (quivered)
 k - 8 poisoned darts
 B - 5 boomerangs
 F - 6 curare-tipped darts
Armour
 b - a +0 robe
 n - a +0 animal skin
 r - a +0 cloak
 y - a scarf of repulsion (worn)
 G - +0 acid dragon scales (worn)
Jewellery
 p - a ring of poison resistance (left claw)
 s - a +6 ring of intelligence
 u - an uncursed ring of magical power
 C - a ring of stealth (right claw)
 D - an uncursed ring of flight {unknown}
Wands
 t - a wand of polymorph (4)
 A - a wand of flame (35)
 H - a wand of clouds (6)
 I - a wand of acid (3)
Scrolls
 e - 8 scrolls of remove curse {unknown}
 f - 2 scrolls of fear {unknown}
 h - 10 scrolls of teleportation
 m - 3 scrolls of enchant armour {unknown}
 o - 2 scrolls of magic mapping {unknown}
 q - a scroll of immolation {unknown}
 w - 2 scrolls of blinking
 z - a scroll of enchant weapon {unknown}
 E - a scroll of amnesia {unknown}
Potions
 g - 2 potions of stabbing {unknown}
 i - 3 potions of curing
 j - a potion of degeneration {unknown}
 l - 3 potions of magic
 v - 2 potions of might
 x - 2 potions of heal wounds


   Skills:
 - Level 1.5 Fighting
 - Level 3.6 Throwing
 - Level 1.5 Dodging
 - Level 0.3 Stealth
 + Level 10.9 Unarmed Combat


You had 7 spell levels left.
You didn't know any spells.
Your spell library contained the following spells:

 Spells                   Type           Power        Failure   Level
 Corona                   Hex            #......      41%         1
 Ensorcelled Hibernation  Hex/Ice        #.....       56%         2
 Confusing Touch          Hex            #.......     80%         3
 Dazzling Flash           Conj/Hex       #.....       80%         3
 Tukima's Dance           Hex            #.......     80%         3


Dungeon Overview and Level Annotations

Branches:
Dungeon (7/15)             Temple (1/1) D:5

Altars:
Cheibriados
Dithmenos
Fedhas
Gozag
Hepliaklqana
Kikubaaqudgha
Nemelex Xobeh
Okawaru
Qazlal
Ru
Sif Muna
Trog
Uskayaw
Vehumet
Wu Jian
Xom
Yredelemnul
Zin
The Shining One

Shops:
D:6 ?}*==


Innate Abilities, Weirdness & Mutations

You are too large for most types of armour.
You have claws for hands.
Your natural rate of healing is unusually fast.
You are covered in fur. (AC +1)
You have extremely tough skin. (AC +3)


Message History

Cheibriados appreciates the change of pace.
The jelly is no longer moving slowly.
The orc warrior misses you.
Throwing (i - inventory. (/) - cycle)
c - 2 large rocks (quivered)
Press: ? - help, Shift-Dir - straight line, f/p - jelly
Aim: a jelly You throw a large rock.
The large rock closely misses the orc warrior.
The large rock hits the jelly!
The jelly is severely wounded.
The orc warrior hits you with a +3 mace.
* * * LOW HITPOINT WARNING * * *
Throwing (i - inventory. (/) - cycle)
c - a large rock (quivered)
Press: ? - help, Shift-Dir - straight line, f/p - jelly
Aim: a jelly (severely wounded)
You throw a large rock. The large rock hits the orc warrior.
The orc warrior is moderately wounded.
The orc warrior hits you with a +3 mace.
* * * LOW HITPOINT WARNING * * *
The orc warrior hits you with a +3 mace!
You die...

### ###.#### # ##......#
... ###.......## ###....
...........######....#
.#.../.....#ooJo@.#
.#........o#.#####.^#
.....>...o.o...........
##........).o...........
#.....<.......##.## ...
..................# ..
................#.. .
...................
.................#.


You could see an orc warrior, a jelly and 2 orcs.

Vanquished Creatures
  Maggie (D:6)
  An ice beast (D:5)
  A sky beast (D:5)
  A black bear (D:6)
  A phantom (D:6)
  An ogre (D:3)
  An eye of draining (D:6)
  A centaur (D:5)
  3 bullfrogs (D:6)
  An orc priest (D:6)
  2 bullfrog skeletons
  2 centaur skeletons
  A hound (D:4)
  A jelly (D:6)
  An orc wizard (D:6)
  Jessica (D:2)
  2 iguanas
  A worker ant (D:4)
  Robin (D:1)
  A worker ant zombie (D:6)
  10 adders
  A howler monkey skeleton (D:5)
  A shadow imp (D:5)
  An ooze (D:3)
  3 adder skeletons
  A worm (D:3)
  A dart slug (D:3)
  5 leopard geckos
  17 orcs
  A ball python (D:3)
  4 giant cockroaches
  8 hobgoblins
  10 jackals
  3 quokkas
  11 bats
  2 frilled lizards
  16 goblins
  6 kobolds
  A leopard gecko skeleton (D:4)
  A quokka skeleton (D:4)
  3 rats
131 creatures vanquished.

Notes
Turn   | Place    | Note
-------+----------+-------------------------------------------
     0 | D:1      | ReteAZ the Troll Hunter began the quest for the Orb.
     0 | D:1      | Reached XP level 1. HP: 19/19 MP: 0/0
   140 | D:1      | Reached skill level 1 in Unarmed Combat
   247 | D:1      | Reached XP level 2. HP: 27/27 MP: 1/1
   343 | D:1      | Reached skill level 2 in Unarmed Combat
   750 | D:2      | Noticed Robin
   769 | D:1      | Reached XP level 3. HP: 26/33 MP: 2/2
   801 | D:1      | Killed Robin
   801 | D:1      | Reached skill level 3 in Unarmed Combat
  1393 | D:2      | Reached XP level 4. HP: 41/41 MP: 3/3
  1401 | D:2      | Noticed Jessica
  1415 | D:2      | Killed Jessica
  1415 | D:2      | Reached skill level 4 in Unarmed Combat
  1529 | D:2      | Found a sacrificial altar of Ru.
  1613 | D:3      | Reached XP level 5. HP: 36/48 MP: 4/4
  1664 | D:3      | Found an ancient bone altar of Kikubaaqudgha.
  1784 | D:3      | Reached skill level 5 in Unarmed Combat
  1807 | D:3      | Noticed an ogre
  1816 | D:3      | Killed an ogre
  2051 | D:4      | Reached skill level 6 in Unarmed Combat
  2051 | D:4      | Reached XP level 6. HP: 55/55 MP: 5/5
  2640 | D:5      | Entered Level 5 of the Dungeon
  2651 | D:5      | Reached skill level 7 in Unarmed Combat
  2665 | D:5      | Reached XP level 7. HP: 36/62 MP: 6/6
  2787 | D:5      | Found a staircase to the Ecumenical Temple.
  2803 | Temple   | Entered the Ecumenical Temple
  2807 | Temple   | Became a worshipper of Cheibriados the Contemplative
  2925 | D:5      | Reached skill level 8 in Unarmed Combat
  3070 | D:5      | Found a sparkling altar of Nemelex Xobeh.
  3097 | D:5      | Found a glowing golden altar of the Shining One.
  3210 | D:5      | Noticed a +0 dagger
  3211 | D:5      | Found a hide-covered altar of Uskayaw.
  3212 | D:5      | Noticed a +0 hand axe
  3383 | D:6      | Found Nemasawn's Gadget Shop.
  3416 | D:6      | Reached skill level 9 in Unarmed Combat
  3447 | D:6      | Found an ornate altar of the Wu Jian Council.
  3536 | D:6      | Found Boer's Magic Scroll Boutique.
  3539 | D:6      | Bought a scroll of identify for 22 gold pieces
  3539 | D:6      | Bought a scroll of blinking for 82 gold pieces
  3539 | D:6      | Bought a scroll of identify for 22 gold pieces
  3539 | D:6      | Bought a scroll of teleportation for 33 gold pieces
  3539 | D:6      | Bought a scroll of identify for 22 gold pieces
  3562 | D:6      | Reached XP level 8. HP: 66/70 MP: 7/7
  3756 | D:6      | Reached * piety under Cheibriados
  3801 | D:6      | Noticed Maggie
  3810 | D:6      | Killed Maggie
  3810 | D:6      | Reached skill level 10 in Unarmed Combat
  3815 | D:6      | Found Asuerak's Jewellery Shoppe.
  3861 | D:6      | Found Desale's Assorted Antiques.
  3870 | D:6      | Found Fuodeyg's Jewellery Shoppe.
  4373 | D:7      | Slain by an orc warrior

Illustrated notes

Levels and vault maps discovered:
D:1:      eino_arrival_tree_alley, layout_loops_corners
D:2:      lemuel_upstairs_altar, layout_basic, nicolae_ru_the_path_less_chosen,
          minmay_pentomino_u2, uniq_jessica, uniq_robin
D:3:      layout_rooms, lemuel_doored_altar
D:4:      layout_loops_ring, minmay_misc_feat_pillars
D:5:      layout_cave_pools, kennysheep_mini, dancing_weapons_uskayaw,
          temple_doors_ab, nicolae_tso_swordbearing_angel
D:6:      layout_basic, nicolae_overflow_crystal_walls, serial_shops,
          kennysheep_mini_moat, shop, nicolae_shop_statue_plus, shop, shop,
          uniq_maggie
D:7:      layout_rooms, makhleb_heckhound_becter
Temple:   zaba_magenta_temple

Skill      XL: |  1  2  3  4  5  6  7  8 |
---------------+-------------------------+-----
Unarmed Combat | 1 2 3 4 6 7 9 10 | 10.9
Fighting       | |  1.5
Throwing       | |  3.6
Dodging        | |  1.5
Stealth        | |  0.3

Action                   |  1- 3 |  4- 6 |  7- 9 || total
-------------------------+-------+-------+-------++-------
Melee: Unarmed           |   103 |   112 |   108 ||   323
       Punch             |       |     3 |     9 ||    12
Throw: Large rock        |       |     1 |     7 ||     8
Invok: Bend Time         |       |       |     1 ||     1
  Use: Scroll            |       |       |     5 ||     5
 Stab: Sleeping          |     1 |       |     4 ||     5
Armor: Robe              |    52 |       |       ||    52
       Animal skin       |    17 |    59 |    29 ||   105
       Acid dragon scale |       |       |    19 ||    19
Dodge: Dodged            |    60 |    71 |    78 ||   209
       Repelled          |       |       |     1 ||     1

Table legend: (Time is in decaauts)
 A = Elapsed time spent in this place.
 B = Non-inter-level travel time spent in this place.
 C = Inter-level travel time spent in this place.
 D = Time resting spent in this place.
 E = Time spent auto-exploring this place.
 F = Levels seen in this place.
 G = Mean time per level.
                   A        B        C        D        E       F      G
               +--------+--------+--------+--------+--------+-----+--------+
         Total |   4780 |   4553 |    227 |    219 |   3448 |   8 |  597.5 |
       Dungeon |   4681 |   4478 |    203 |    219 |   3379 |   7 |  668.7 |
        Temple |     99 |     75 |     24 |      0 |     69 |   1 |   99.0 |
               +--------+--------+--------+--------+--------+-----+--------+

Top non-repeatable levels by time:
     D:6: 1260 daAuts
     D:1: 912 daAuts
     D:5: 699 daAuts
     D:2: 677 daAuts
     D:4: 638 daAuts
     D:3: 439 daAuts
  Temple: 99 daAuts
     D:7: 53 daAuts
